 Dungeon Crawl Stone Soup version 0.32-a0-732-ga344392067 (webtiles) character file.

Game seed: 8278104626394979900

23 Tuffy the Grave Robber (level 2, 0/14 HPs)
             Began as a Vine Stalker Necromancer on Mar 16, 2024.
             Succumbed to Jessica's poison
             ... on level 2 of the Dungeon.
             The game lasted 00:01:25 (1181 turns).

Tuffy the Grave Robber (Vine Stalker Necromancer)   Turns: 1181, Time: 00:01:25

Health: 0/14       AC:  2    Str:  9 (10) XL:     2   Next: 95%
Magic:  0/6        EV: 11    Int: 12 (15) God:
Gold:   59         SH:  0    Dex: 13 (14) Spells: 4/5 levels left

rFire   . . .        i - +0 short sword
rCold   . . .        (no shield)
rNeg    . . .        a - +0 robe
rPois   .            (no helmet)
rElec   .            (no cloak)
rCorr   .            (no gloves)
SInv    .            (no boots)
Will    .....        (no amulet)
Stlth   ++           (no ring)
HPRegen 1.02/turn    (no ring)
MPRegen 0.10/turn

%: guardian spirit
@: lethally poisoned (0 -> -3), slowed, very slow
A: fangs 2, regeneration 1, magic shield, antimagic bite, no potion heal 2
a: no special abilities


You were on level 2 of the Dungeon.
You visited 1 branch of the dungeon, and saw 2 of its levels.

You collected 59 gold pieces.

Inventory:

Hand Weapons
 i - a +0 short sword (weapon)
Armour
 a - a +0 robe (worn)
 d - a +0 pair of gloves
Scrolls
 c - a scroll of vulnerability {unknown}
 e - a scroll of enchant armour {unknown}
 f - a scroll of identify {unknown}
 h - a scroll of silence {unknown}
Potions
 b - a potion of magic


   Skills:
 + Level 0.3 Fighting
 + Level 2.0 Dodging
 + Level 3.0 Stealth
 - Level 2.4 Spellcasting
 - Level 4.1 Necromancy


You had 4 spell levels left.
You knew the following spells:

 Your Spells              Type           Power      Damage    Failure   Level
a - Necrotise             Necr           44%        1d6       4%          1

Your spell library contained the following spells:

 Spells                   Type           Power      Damage    Failure   Level
 Vampiric Draining        Necr           11%        2d6       14%         3
 Animate Dead             Necr           11%        N/A       43%         4
 Curse of Agony           Necr           11%        N/A       78%         5


Dungeon Overview and Level Annotations

Branches:
Dungeon (2/15)

Altars:

Annotations:
D:2 Jessica


Innate Abilities, Weirdness & Mutations

You have extremely sharp teeth.
Your natural rate of healing is unusually fast.
When hurt, damage is shared between your health and your magic reserves.
Your bite disrupts and absorbs the magic of your enemies.
Potions cannot restore your health.


Message History

Casting: Necrotise (safe; 3% risk of failure)
Confirm with . or Enter, or press ? or * to list all spells.
Aiming: Necrotise (safe; 3% risk of failure)
Press: ? - help, Shift-Dir - straight line, f/p - Jessica
Aim: Jessica, wielding a +0 dagger of venom and wearing a +0 robe (moderately wounded, chance to affect: 78%) Jessica writhes in agony.
Jessica barely misses you.
You hit Jessica but do no damage. You bite Jessica, but do no damage.
Jessica is severely wounded.
Jessica barely misses you.
You completely miss Jessica. Your bite misses Jessica.
Jessica is severely wounded.
Jessica hits you with a +0 dagger of venom.
You are poisoned.
You hit Jessica but do no damage.
Jessica is severely wounded.
You feel very sick. Jessica casts a spell at you.
You feel yourself slow down.
You closely miss Jessica.
Jessica is severely wounded.
You feel very sick. Jessica barely misses you.
You hit Jessica but do no damage.
Jessica is severely wounded.
You feel sick. Jessica misses you.
Jessica hits you with a +0 dagger of venom.
* * * LOW HITPOINT WARNING * * *
Unknown command.
It was a potion of degeneration.
There was something very wrong with that liquid.
You feel weakened.
You feel dopey.
You feel clumsy.
You feel sick.
Jessica hits you with a +0 dagger of venom.
* * * LOW HITPOINT WARNING * * *
You are lethally poisoned!
Unknown command.
Okay, then.
You hit Jessica. Your bite misses Jessica.
Jessica is almost dead.
You die...

.. #. #. #.
#.########
#K#......#
#@#.####.#
#.@...##.###.#
###.#...<....#
#.####.###.#
#.####.#
#......#
########


You could see Jessica and a kobold.

Vanquished Creatures
  A dart slug (D:1)
  2 endoplasms (D:1)
  3 giant cockroaches (D:1)
  A goblin (D:1)
  A hobgoblin (D:1)
  3 kobolds (D:1)
  2 ball pythons (D:1)
  3 bats (D:1)
  A rat (D:1)
17 creatures vanquished.

Vanquished Creatures (collateral kills)
  A hobgoblin (D:1)
1 creature vanquished.

Grand Total: 18 creatures vanquished

Notes
Turn   | Place    | Note
-------+----------+-------------------------------------------
     0 | D:1      | Tuffy the Vine Stalker Necromancer began the quest for the
                  | Orb.
     0 | D:1      | Reached XP level 1. HP: 9/9 MP: 4/4
   137 | D:1      | Reached XP level 2. HP: 13/13 MP: 4/6
   595 | D:1      | Found a faded altar of an unknown god.
  1168 | D:2      | Noticed Jessica
  1181 | D:2      | Succumbed to Jessica's poison

Illustrated notes

Levels and vault maps discovered:
D:1:      minmay_arrival_hallway, layout_basic, shapermc_ecumenical_altar_ellora
D:2:      layout_loops_corners, basic_altar, uniq_robin, uniq_jessica

Skill      XL: |  1  2 |
---------------+-------+-----
Stealth        | 3 |  3.0
Dodging        | 2 |  2.0
Fighting       | |  0.3
Spellcasting   | |  2.4
Necromancy     | |  4.1

Action                     || total
---------------------------++-------
  Melee: Unarmed           ||    15
         Bite              ||     6
         Short sword       ||     6
   Cast: Necrotise         ||    41
    Use: Potion            ||     1
 Armour: Robe              ||    19
  Dodge: Dodged            ||    18

Table legend: (Time is in decaauts)
 A = Elapsed time spent in this place.
 B = Non-inter-level travel time spent in this place.
 C = Inter-level travel time spent in this place.
 D = Time resting spent in this place.
 E = Time spent auto-exploring this place.
 F = Levels seen in this place.
 G = Mean time per level.
                   A        B        C        D        E       F      G
               +--------+--------+--------+--------+--------+-----+--------+
         Total |   1181 |    946 |    235 |      0 |    821 |   2 |  590.5 |
       Dungeon |   1181 |    946 |    235 |      0 |    821 |   2 |  590.5 |
               +--------+--------+--------+--------+--------+-----+--------+

Top non-repeatable levels by time:
     D:1: 1149 daAuts
     D:2: 32 daAuts
